 Dungeon Crawl Stone Soup version 0.32-a0-791-gfc315c9ecd (webtiles) character file.

Game seed: 5892671120126871315

186 jasper the Trooper (level 5, -1/61 HPs)
             Began as an Oni Monk on Mar 20, 2024.
             Killed by divine providence
             ... invoked by an orc priest
              (16 damage)
             ... on level 3 of the Dungeon.
             The game lasted 00:02:35 (2218 turns).

jasper the Trooper (Oni Monk)                       Turns: 2218, Time: 00:02:35

Health: -1/61      AC:  3    Str: 17    XL:     5   Next: 66%
Magic:  14/14      EV:  9    Int: 11    God:
Gold:   63         SH:  0    Dex: 11    Spells: 4/4 levels left

rFire   . . .        i - +0 flail
rCold   . . .        d - orb {light}
rNeg    . . .        b - +0 robe
rPois   .            (helmet restricted)
rElec   .            (no cloak)
rCorr   .            (gloves unavailable)
SInv    .            (boots unavailable)
Will    .....        (no amulet)
Stlth   +            r - ring of magical power
HPRegen 0.30/turn    (no ring)
MPRegen 0.14/turn

%: no passive effects
@: confused, ambrosia-drunk, glowing
A: large, unfitting armour, horns 1, tough skin 1, double potion healing,
drunken brawling
a: Convert to Beogh


You were on level 3 of the Dungeon.
You visited 1 branch of the dungeon, and saw 3 of its levels.

You collected 63 gold pieces.

Inventory:

Hand Weapons
 a - a +0 mace
 i - a +0 flail (weapon)
 m - a +1 dagger of venom
 p - a +0 whip
Missiles
 g - 40 stones (quivered)
 v - 2 poisoned darts
Armour
 b - a +0 robe (worn)
 d - an orb of light (worn)
Jewellery
 r - a ring of magical power (left hand)
 s - a ring of fire
Talismans
 k - a beast talisman
Scrolls
 h - a scroll of silence {unknown}
 j - a scroll of teleportation {unknown}
 n - a scroll of butterflies {unknown}
 o - a scroll of identify {unknown}
 q - a scroll of acquirement {unknown}
 t - a scroll of enchant weapon {unknown}
 u - a scroll of fog {unknown}
Potions
 e - a potion of lignification {unknown}
 f - a potion of heal wounds {unknown}
 l - a potion of brilliance {unknown}


   Skills:
 + Level 6.4 Fighting
 + Level 4.8 Maces & Flails
 - Level 2.6 Dodging


You had 4 spell levels left.
You didn't know any spells.
Your spell library was empty.

Dungeon Overview and Level Annotations

Branches:
Dungeon (3/15)

Altars:


Innate Abilities, Weirdness & Mutations

You are too large for most types of armour.
You have a pair of small horns on your head.
You have tough skin. (AC +1)
You gain doubled healing and magic from potions.
Whenever you drink a healing potion, you attack all around you.


Message History

The orc priest calls down the wrath of Beogh upon you.
Beogh smites you!
The orc priest shouts, "The Pantheon deserves no one's loyalty.
Let us show you the true path!" (press Y on the ability menu to convert to Beogh)
You take 16 damage, and have 32/61 hp.
MASSIVE DAMAGE!!
You hit the orc but do no damage.
The orc is almost dead.
The orc hits you but does no damage.
The orc priest hits you from afar with a +0 trident!
You take 9 damage, and have 23/61 hp.
You barely miss the orc.
The orc is almost dead.
The orc hits you with a +0 flail!
* * * LOW HITPOINT WARNING * * *
The orc priest looks braver for a moment.
You take 9 damage, and have 14/61 hp.
You barely miss the orc.
The orc is almost dead.
The orc barely misses you.
The orc priest hits you from afar with a +0 trident.
* * * LOW HITPOINT WARNING * * *
You take 3 damage, and have 11/61 hp.
The orc hits you with a +0 flail.
* * * LOW HITPOINT WARNING * * *
The orc priest hits you with a +0 trident.
* * * LOW HITPOINT WARNING * * *
You take 7 damage, and have 4/61 hp.
You take a swig of the potion and twirl your +0 flail.
You hit the orc priest but do no damage.
You barely miss the orc. You headbutt the orc.
You kill the orc!
You are confused.
You savour every drop.
You feel invigorated.
The orc priest threatens, "Beogh's wrath is as vast as their mercy.
Make your choice!"
The orc priest hits you with a +0 trident.
* * * LOW HITPOINT WARNING * * *
You regained 4 hp, and now have 8/61 hp.
The orc priest mumbles some strange prayers to Beogh against you.
Beogh smites you!
You die...

#######
#########..(..#
#..........#
#.###......# #.#
#......# #.#
#..##..# #.#
#..##))#
#.###..##..#####.#
#.##......@o.....#
#.##.#.##..#######
#.##.#.##..#
#.##.#.##..#
#.##.#.##..###
#.............
####.#.#.....
#.#.#..... #.#.# #
#


You could see an orc priest.

Vanquished Creatures
  A scorpion (D:3)
  Jessica (D:2)
  4 gnolls
  2 adders
  2 orcs (D:3)
  6 ball pythons
  3 endoplasms
  3 giant cockroaches
  2 hobgoblins (D:1)
  2 quokkas
  5 bats
  2 frilled lizards
  7 goblins
  2 kobolds (D:3)
  2 rats
44 creatures vanquished.

Notes
Turn   | Place    | Note
-------+----------+-------------------------------------------
     0 | D:1      | jasper the Oni Monk began the quest for the Orb.
     0 | D:1      | Reached XP level 1. HP: 24/24 MP: 1/1
   254 | D:1      | Reached XP level 2. HP: 33/33 MP: 2/2
   933 | D:1      | Reached XP level 3. HP: 28/41 MP: 3/3
   976 | D:2      | Reached skill level 5 in Fighting
  1338 | D:2      | Reached XP level 4. HP: 22/50 MP: 4/4
  1543 | D:2      | Noticed Jessica
  1548 | D:2      | Killed Jessica
  2030 | D:3      | Noticed a scorpion
  2044 | D:3      | Killed a scorpion
  2045 | D:3      | Reached skill level 6 in Fighting
  2045 | D:3      | Reached XP level 5. HP: 38/61 MP: 5/5
  2218 | D:3      | Killed from afar by an orc priest

Illustrated notes

Levels and vault maps discovered:
D:1:      lightli_arrival_windingriver, layout_basic
D:2:      layout_loops_ring, reono_crystal_passage, due_unseen_surprise,
          uniq_jessica
D:3:      layout_loops_ring, due_unseen_surprise

Skill      XL: |  1  2  3  4 |
---------------+-------------+-----
Fighting       | 5 6 |  6.4
Maces & Flails | 4 |  4.8
Dodging        | |  2.6

Action                     |  1- 3 |  4- 6 || total
---------------------------+-------+-------++-------
  Melee: Mace              |    29 |       ||    29
         Headbutt          |    10 |     9 ||    19
         Flail             |    17 |    34 ||    51
  Throw: Stone             |     5 |     7 ||    12
         Dart              |       |     2 ||     2
    Use: Potion            |     1 |     1 ||     2
 Armour: Robe              |    41 |    28 ||    69
  Dodge: Dodged            |    36 |    15 ||    51

Table legend: (Time is in decaauts)
 A = Elapsed time spent in this place.
 B = Non-inter-level travel time spent in this place.
 C = Inter-level travel time spent in this place.
 D = Time resting spent in this place.
 E = Time spent auto-exploring this place.
 F = Levels seen in this place.
 G = Mean time per level.
                   A        B        C        D        E       F      G
               +--------+--------+--------+--------+--------+-----+--------+
         Total |   2235 |   2145 |     90 |     29 |   1731 |   3 |  745.0 |
       Dungeon |   2235 |   2145 |     90 |     29 |   1731 |   3 |  745.0 |
               +--------+--------+--------+--------+--------+-----+--------+

Top non-repeatable levels by time:
     D:1: 969 daAuts
     D:2: 801 daAuts
     D:3: 464 daAuts
